 Dungeon Crawl Stone Soup version 0.25-a0-36-g303dd5b1f4 (webtiles) character file.

Game seed: 9492542673603031120, levelgen mode: deterministic

38 Arixos the Skirmisher (level 3, 0/43 HPs)
             Began as a Demonspawn Monk on Oct 20, 2019.
             Succumbed to an adder's poison
             ... on level 2 of the Dungeon.
             The game lasted 00:02:47 (1241 turns).

Arixos the Skirmisher (Demonspawn Monk)             Turns: 1241, Time: 00:02:47

Health: 0/43       AC: 21    Str: 12    XL:     3   Next: 25%
Magic:  3/3        EV:  2    Int: 11    God:
Gold:   88         SH:  0    Dex: 15    Spells: 2/2 levels left

rFire    . . .     SeeInvis .     - Unarmed
rCold    . . .     Gourm    .   (no shield)
rNeg     + + +     Faith    .   (armour currently unavailable)
rPois    +         Spirit   .   (helmet currently unavailable)
rElec    .         Reflect  .   (cloak currently unavailable)
rCorr    .         Harm     .   (gloves currently unavailable)
MR       +....     NoTele   +   (boots currently unavailable)
Stlth    +.........             (no amulet)
HPRegen  0.14/turn              d - ring of protection from magic
MPRegen  0.08/turn              h - ring of attention (curse)

@: lethally poisoned (0 -> -3), tree-form, hasted, very quick
A: no striking features
a: no special abilities


You were on level 2 of the Dungeon.
You were not hungry.
You were a tree.
You visited 1 branch of the dungeon, and saw 2 of its levels.

You collected 88 gold pieces.

Inventory:

Armour
 a - a +0 robe (melded)
 j - a +0 pair of gloves (melded)
Jewellery
 d - a ring of protection from magic (left branch)
 h - a cursed ring of attention (right branch)
Scrolls
 f - 2 scrolls of remove curse {unknown}
 i - a scroll of amnesia {unknown}
Comestibles
 b - 3 rations
 c - a chunk of flesh


   Skills:
 + Level 3.5 Fighting
 + Level 1.3 Armour
 + Level 3.1 Dodging
 - Level 1.7 Stealth
 - Level 2.6 Unarmed Combat


You had 2 spell levels left.
You didn't know any spells.
Your spell library was empty.

Dungeon Overview and Level Annotations

Branches:
Dungeon (2/15)

Altars:


Innate Abilities, Weirdness & Mutations

((Your movements are slightly less encumbered by armour. (ER -2)))


Message History

The adder barely misses you.
You closely miss the adder.
The adder is severely wounded.
The crimson imp barely misses you. The adder bites you.
* * * LOW HITPOINT WARNING * * *
You hit the adder.
You kill the adder!
* * * LOW HITPOINT WARNING * * *
You feel sick. The crimson imp puffs mist at you.
The crimson imp barely misses you.
It was a potion of lignification.
You turn into a tree.
Your +0 pair of gloves melds into your body.
Your +0 robe melds into your body.
Your roots penetrate the ground.
* * * LOW HITPOINT WARNING * * *
You feel sick. The crimson imp barely misses you.
It was a potion of haste.
You feel yourself speed up.
The crimson imp hits you but does no damage.
You closely miss the crimson imp.
You die...

#..# #...... ..# #####.#
..# #.# #####.#######.#
#####.............#
..##.###.##.###### #
#.##.# #)...# ##.
#...###.##.####...####..
.......♣5............'..
#....##.##.####...####..
##. #.##........# ##.
#.#######.### ## ..# #.#
# ### #.# #####
#.###...## #.....#...
#####...##


You could see a crimson imp.

Vanquished Creatures
  An adder (D:2)
  A dart slug (D:1)
  A leopard gecko (D:2)
  2 giant cockroaches
  3 goblins (D:1)
  3 hobgoblins
  7 bats
  3 frilled lizards (D:1)
  4 kobolds
  A rat (D:1)
26 creatures vanquished.

Notes
Turn   | Place    | Note
-------+----------+-------------------------------------------
     0 | D:1      | Arixos the Demonspawn Monk began the quest for the Orb.
     0 | D:1      | Reached XP level 1. HP: 18/18 MP: 1/1
   263 | D:1      | Gained mutation: Your movements are slightly less
                  | encumbered by armour. (ER -2) [demonic ancestry]
   263 | D:1      | Reached XP level 2. HP: 16/24 MP: 2/2
   590 | D:1      | Reached skill level 1 in Armour
  1150 | D:2      | Reached XP level 3. HP: 23/29 MP: 3/3
  1237 | D:2      | HP: 1/29 [poisoned by an adder]
  1241 | D:2      | Succumbed to an adder's poison

Levels and vault maps discovered:
D:1:      roderic_crossed_star, layout_basic, minmay_split_cup_small
D:2:      layout_loops_corners, lemuel_crystal_altar,
          chequers_ecumenical_altar_simple, first_ration

Skill      XL: |  1  2 |
---------------+-------+-----
Dodging        | 3 |  3.1
Armour         | 1 |  1.3
Fighting       | |  3.5
Stealth        | |  1.7
Unarmed Combat | |  2.6

Action                   || total
-------------------------++-------
Melee: Unarmed           ||   121
  Use: Potion            ||     2
 Stab: Sleeping          ||     2
  Eat: Chunk             ||     1
Armor: Robe              ||    23
       Skin              ||     1
Dodge: Dodged            ||   113

Table legend:
 A = Non-vault XP
 B = Vault XP
 C = Vault XP percentage of total XP
 D = Non-vault monster count
 E = Vault monster count
 F = Vault count percentage of total count
                 A         B        C        D         E       F
            +---------+---------+-------+---------+---------+-------
      Total |      51 |       4 |   7.3 |      23 |       3 |  11.5
            +---------+---------+-------+---------+---------+-------
        D:1 |      26 |       4 |  13.3 |      16 |       3 |  15.8
        D:2 |      25 |       0 |   0.0 |       7 |       0 |   0.0
            +---------+---------+-------+---------+---------+-------
